AoeStats
← Djgama17

Black Forest

510804209Analyzed
4v4 RM · 9h ago on Oct 2, 2026· 67m 55s· 8 players
Game mode
Random Map
Map size
Large (8 player)
Population
200
Speed
Normal
Resources
Standard
Victory
Conquest
Starting age
Dark Age
Ending age
Imperial Age
RankedLock teamsTeams togetherTeam positionsShared explorationLock speedFull tech treeHidden civsTurbo modeCheats
Victory
Defeat
🇭🇷 Romans · Croatia
615
+23
🇷🇴 Aztecs · Romania
578
+24
🇹🇷 Khmer · Türkiye
532
+26
🇺🇸 Goths · United States
446
+28
🇺🇸 Ethiopians · United States
800
-65
🇫🇷 Persians · France
784
-26
🇦🇹 Turks · Austria
777
-25
🇮🇹 Khmer · Italy
741
-24
Djgama17
0:36 Loom
15:23 Feudal Age
17:34 Horse Collar
17:43 Double-Bit Axe
24:07 Castle Age
22:43 Wheelbarrow
21:54 Town Watch
22:36 Forging
22:26 Scale Mail Armor
22:26 Padded Archer Armor
22:16 Fletching
23:29 Stone Mining
23:29 Gold Mining
25:30 Bow Saw
33:03 Hand Cart
34:32 Treadmill Crane
35:05 Caravan
35:35 Coinage
36:22 Coinage
36:31 Chain Mail Armor
36:51 Iron Casting
36:32 Leather Archer Armor
36:07 Fletching
36:46 Murder Holes
37:01 Fortified Wall
40:39 Imperial Age
38:18 Gambesons
37:53 Pikeman
38:33 Squires
38:54 Bodkin Arrow
38:38 Man-at-Arms
39:33 Long Swordsman
39:45 Crossbowman
41:22 Stone Shaft Mining
41:22 Gold Shaft Mining
41:49 Ballistics
41:19 Heated Shot
42:36 Chemistry
41:44 Heavy Plow
41:48 Town Patrol
41:28 Two-Handed Swordsman
43:29 Blast Furnace
42:59 Plate Mail Armor
43:08 Crop Rotation
42:28 Elite Skirmisher
42:29 Arbalester
42:45 Champion
44:00 Elite Jaguar Warrior
45:34 Plate Mail Armor
45:08 Bracer
45:53 Banking
46:27 Eagle Warrior
47:43 Garland Wars
49:28 Atlatl
50:15 Elite Eagle Warrior
51:12 Onager
53:57 Conscription
53:07 Sappers
56:15 Arson
57:25 Arbalester
58:40 Siege Onager
60:04 Siege Engineers
Lanyco
0:44 Loom
13:53 Feudal Age
14:38 Horse Collar
14:47 Double-Bit Axe
21:15 Castle Age
20:01 Gold Mining
20:04 Stone Mining
22:37 Bow Saw
23:05 Gold Shaft Mining
22:33 Heavy Plow
23:31 Caravan
29:49 Imperial Age
28:31 Scale Barding Armor
28:37 Forging
30:16 Fortified Wall
30:30 Ballistics
32:06 Wheelbarrow
31:16 Town Watch
32:11 Crop Rotation
32:44 Iron Casting
32:41 Chain Barding Armor
41:23 Blast Furnace
43:44 Murder Holes
44:00 Masonry
44:13 Ballistics
46:13 Plate Barding Armor
48:30 Hand Cart
48:16 Town Patrol
50:38 Husbandry
51:13 Bloodlines
54:18 Comitatenses
55:03 Fletching
57:51 Elite Centurion
Ambwind
0:59 Loom
12:53 Feudal Age
14:47 Wheelbarrow
14:57 Double-Bit Axe
14:57 Horse Collar
16:32 Man-at-Arms
25:15 Castle Age
25:18 Scale Mail Armor
25:29 Forging
25:36 Long Swordsman
26:18 Squires
26:55 Bow Saw
30:44 Hand Cart
33:33 Iron Casting
33:14 Chain Mail Armor
34:34 Caravan
40:10 Imperial Age
38:03 Gold Mining
38:04 Stone Mining
40:26 Two-Handed Swordsman
42:18 Champion
43:54 Capped Ram
48:59 Onager
50:59 Perfusion
52:17 Conscription
62:47 Pikeman
63:16 Halberdier
63:57 Elite Huskarl
hawyak12
0:58 Loom
13:32 Feudal Age
14:50 Wheelbarrow
14:01 Town Watch
14:06 Double-Bit Axe
14:06 Horse Collar
22:45 Castle Age
22:55 Stone Mining
22:56 Gold Mining
23:29 Forging
23:10 Fletching
23:20 Padded Archer Armor
23:22 Scale Mail Armor
23:27 Scale Barding Armor
26:22 Hand Cart
26:08 Town Patrol
28:20 Bow Saw
29:12 Heavy Plow
32:04 Leather Archer Armor
37:33 Imperial Age
34:58 Elite Skirmisher
36:57 Masonry
36:43 Murder Holes
38:02 Caravan
38:33 Coinage
38:42 Iron Casting
38:24 Chain Mail Armor
38:42 Tusk Swords
39:08 Conscription
40:12 Chemistry
39:33 Ballistics
39:26 Fortified Wall
40:08 Bodkin Arrow
41:24 Architecture
41:04 Guard Tower
42:17 Elite Ballista Elephant
44:07 Double Crossbow
46:27 Hoardings
46:34 Banking
47:07 Blast Furnace
46:08 Bracer
46:05 Sappers
58:48 Heavy Scorpion
67:41 Siege Engineers
67:26 Heated Shot
LOLLYCT 85
10:17 Feudal Age
15:50 Castle Age
23:51 Horse Collar
24:02 Double-Bit Axe
24:13 Gold Mining
25:17 Heavy Plow
25:40 Bow Saw
26:38 Gold Shaft Mining
28:43 Wheelbarrow
30:05 Hand Cart
32:40 Imperial Age
33:16 Onager
34:46 Conscription
34:29 Double Crossbow
35:47 Heavy Scorpion
43:53 Chemistry
58:52 Tusk Swords
60:09 Bloodlines
60:00 Husbandry
59:21 Elite Battle Elephant
61:39 Scale Barding Armor
61:44 Forging
64:38 Light Cavalry
65:41 Hussar
liss13
0:28 Loom
11:54 Feudal Age
12:38 Horse Collar
13:35 Wheelbarrow
12:47 Double-Bit Axe
12:56 Gold Mining
19:42 Castle Age
19:41 Stone Mining
21:01 Bow Saw
22:14 Hand Cart
23:16 Heavy Plow
29:36 Town Watch
30:43 Gold Shaft Mining
31:28 Ballistics
31:04 Murder Holes
31:20 Masonry
31:21 Fortified Wall
31:38 Caravan
35:00 Imperial Age
33:00 Town Patrol
33:06 Husbandry
33:16 Bloodlines
33:11 Squires
32:57 Arson
34:28 Sipahi
34:58 Forging
34:49 Scale Mail Armor
34:49 Padded Archer Armor
34:40 Fletching
34:55 Scale Barding Armor
34:34 Treadmill Crane
34:48 Man-at-Arms
34:59 Man-at-Arms
35:55 Guilds
NomadRider5217
0:40 Loom
17:52 Feudal Age
23:44 Castle Age
22:38 Double-Bit Axe
22:42 Horse Collar
26:30 Fletching
26:57 Gold Mining
27:13 Gold Mining
30:24 Kamandaran
31:20 Bloodlines
31:12 Husbandry
32:12 Wheelbarrow
33:38 Heavy Plow
33:50 Bow Saw
35:10 Gold Shaft Mining
36:19 Scale Barding Armor
39:03 Stone Mining
42:58 Imperial Age
40:44 Hand Cart
40:14 Town Watch
44:35 Heavy Camel Rider
45:42 Chain Barding Armor
45:33 Forging
47:25 Plate Barding Armor
48:09 Stone Shaft Mining
48:39 Two-Man Saw
48:13 Crop Rotation
48:06 Conscription
47:49 Kamandaran
48:26 Hoardings
49:19 Chemistry
48:33 Masonry
50:09 Guilds
50:01 Caravan
51:09 Ballistics
51:21 Architecture
50:35 Crossbowman
51:27 Thumb Ring
51:26 Padded Archer Armor
51:02 Light Cavalry
55:06 Iron Casting
54:59 Bodkin Arrow
61:31 Leather Archer Armor
62:17 Blast Furnace
60:41 Hussar
AbuzzLime8862
16:39 Feudal Age
22:20 Castle Age
21:09 Double-Bit Axe
21:08 Horse Collar
24:09 Wheelbarrow
23:49 Bow Saw
24:12 Heavy Plow
27:09 Hand Cart
32:15 Gold Mining
32:16 Stone Mining
34:33 Gold Shaft Mining
40:26 Imperial Age
41:14 Stone Shaft Mining
42:19 Chemistry
41:17 Heavy Scorpion
45:48 Onager
50:45 Two-Man Saw
50:57 Siege Onager
55:04 Elite Shotel Warrior
Connection lost

Rejoining the realm…

Still unreachable

The connection could not be restored.

Session expired

The server has moved on; the page needs a fresh start.